 Dungeon Crawl Stone Soup version 0.32-a0-918-g0f22ef8d61 (webtiles) character file.

Game seed: 1962562994574352771

79 dialectric the Trooper (level 4, -6/41 HPs)
             Began as a Minotaur Fighter on Apr 11, 2024.
             Mangled by an ogre
             ... wielding a +0 giant club
              (14 damage)
             ... on level 4 of the Dungeon.
             The game lasted 00:02:11 (2134 turns).

dialectric the Trooper (Minotaur Fighter)           Turns: 2134, Time: 00:02:12

Health: -6/41      AC:  7    Str: 22    XL:     4   Next: 17%
Magic:  3/3        EV:  9    Int:  5    God:
Gold:   173        SH:  0    Dex: 10    Spells: 3/3 levels left

rFire   . . .        u - +3 whip
rCold   . . .        (no shield)
rNeg    . . .        b - +0 scale mail
rPois   .            (helmet restricted)
rElec   .            (no cloak)
rCorr   .            (no gloves)
SInv    .            (no boots)
Will    .....        (no amulet) Stlth
                     (no ring)
HPRegen 0.26/turn    (no ring)
MPRegen 0.08/turn

%: no passive effects
@: no status effects
A: horns 2, retaliatory headbutt
a: no special abilities


You were on level 4 of the Dungeon.
You visited 1 branch of the dungeon, and saw 4 of its levels.

You collected 223 gold pieces.
You spent 50 gold pieces at shops.

Inventory:

Hand Weapons
 a - a +0 flail
 u - a +3 whip (weapon)
 v - a +1 mace of protection
Missiles
 l - 11 poisoned darts (quivered)
Armour
 b - a +0 scale mail (worn)
 c - a +0 buckler
Scrolls
 h - a scroll of amnesia {unknown}
 j - a scroll of fear {unknown}
 k - 3 scrolls of teleportation {unknown}
 m - 2 scrolls of vulnerability
 n - a scroll of silence {unknown}
 o - a scroll of blinking {unknown}
 q - a scroll of immolation {unknown}
 r - 2 scrolls of enchant weapon {unknown}
 t - 4 scrolls of identify
Potions
 d - 3 potions of might
 e - 2 potions of mutation {unknown}
 f - 2 potions of curing
 g - a potion of attraction {unknown}
 i - 2 potions of enlightenment
 p - a potion of cancellation {unknown}
 s - a potion of heal wounds


   Skills:
 + Level 4.3 Fighting
 + Level 3.3 Maces & Flails
 + Level 4.2 Armour
 + Level 1.5 Dodging
 - Level 4.0 Shields


You had 3 spell levels left.
You didn't know any spells.
Your spell library contained the following spells:

 Spells                   Type           Power      Damage    Failure   Level
 Slow                     Hex            0%         N/A       80%         1
 Blink                    Tloc           0%         N/A       90%         2
 Lesser Beckoning         Tloc           0%         N/A       90%         2
 Momentum Strike          Conj/Tloc      0%         3d8       90%         2
 Confusing Touch          Hex            0%         N/A       99%         3
 Maxwell's Portable Pile  Tloc           0%         2d(5-13)  99%         3
 Teleport Other           Tloc           0%         N/A       99%         3
 Vampiric Draining        Necr           0%         2d6       99%         3


Dungeon Overview and Level Annotations

Branches:
Dungeon (4/15)
 Temple: D:4-7

Altars:
Uskayaw

Shops:
D:2 !


Innate Abilities, Weirdness & Mutations

You have a pair of horns on your head.
You reflexively headbutt those who attack you in melee.


Message History

You feel sick. x8
You are no longer poisoned.
You start resting.
A ball python comes into view.
A ball python is nearby!
You are too injured to fight recklessly!
A ball python is nearby!
A ball python is nearby!
You are too injured to fight recklessly!
You are too injured to fight recklessly!
The ball python closely misses you.
You hit the ball python but do no damage.
Your headbutt misses the ball python. The ball python closely misses you.
The ball python grabs you. The ball python constricts you.
You hit the ball python.
You kill the ball python!
You see here a ball python corpse.
You start resting.
An ogre comes into view. It is wielding a +0 giant club.
An ogre is nearby!
The ogre shouts!
An ogre is nearby!
An ogre is nearby!
Throw: 12 darts (poison)
Press: ? - help, Q - select action Shift-Dir - straight line, f - ogre
Aim: an ogre, wielding a +0 giant club (71% to hit)
You throw a poisoned dart.
The poisoned dart barely misses the ogre.
The ogre closely misses you.
You hit the ogre. You headbutt the ogre.
The ogre is moderately wounded.
You barely miss the ogre.
The ogre is moderately wounded.
The ogre hits you with a +0 giant club!!
Ouch! That really hurt!
* * * LOW HITPOINT WARNING * * *
You hit the ogre.
The ogre is heavily wounded.
The ogre hits you with a +0 giant club!
You die...

.( ...
#########.# ....
.........#
##...##.......#
......#.......#
#....#...O...#
...#..@....#
#.#.......##
#..........######
#...†...)........
#.#........#####
#.########.# #.
#.# #. #.# .. #.#
.


You could see an ogre.

Vanquished Creatures
  4 adders
  5 orcs (D:3)
  5 ball pythons
  A bat (D:2)
  An endoplasm (D:3)
  A giant cockroach (D:3)
  4 goblins
  4 hobgoblins
  2 jackals (D:2)
  3 kobolds
  3 frilled lizards (D:1)
  8 rats
41 creatures vanquished.

Notes
Turn   | Place    | Note
-------+----------+-------------------------------------------
     0 | D:1      | dialectric the Minotaur Fighter began the quest for the
                  | Orb.
     0 | D:1      | Reached XP level 1. HP: 19/19 MP: 0/0
   262 | D:1      | Reached XP level 2. HP: 27/27 MP: 1/1
   480 | D:2      | Found a hide-covered altar of Uskayaw.
   645 | D:2      | Reached XP level 3. HP: 32/33 MP: 2/2
   731 | D:2      | Found Eplakh's Distillery.
   735 | D:2      | Reached skill level 1 in Dodging
   740 | D:2      | Bought a potion of heal wounds for 50 gold pieces
  1480 | D:3      | Reached XP level 4. HP: 39/40 MP: 3/3
  2127 | D:4      | Noticed an ogre
  2134 | D:4      | Mangled by an ogre

Illustrated notes

Levels and vault maps discovered:
D:1:      psy_arrival_whirlpool, layout_rooms, minmay_misc_feat_tower
D:2:      layout_basic, basic_altar, serial_shops, nicolae_square_shop
D:3:      layout_loops_ring, lemuel_flame_loot_1
D:4:      layout_basic

Skill      XL: |  1  2  3 |
---------------+----------+-----
Fighting       | 4 |  4.3
Armour         | 4 |  4.2
Shields        | 4 |  4.0
Maces & Flails | 3 |  3.3
Dodging        | 1 |  1.5

Action                     |  1- 3 |  4- 6 || total
---------------------------+-------+-------++-------
  Melee: Flail             |    58 |       ||    58
         Headbutt          |     6 |     3 ||     9
         Whip              |    11 |    19 ||    30
  Throw: Dart              |       |     2 ||     2
    Use: Scroll            |     4 |       ||     4
 Armour: Scale mail        |    57 |    13 ||    70
  Dodge: Dodged            |    34 |     9 ||    43
  Block: Buckler           |     1 |       ||     1

Table legend: (Time is in decaauts)
 A = Elapsed time spent in this place.
 B = Non-inter-level travel time spent in this place.
 C = Inter-level travel time spent in this place.
 D = Time resting spent in this place.
 E = Time spent auto-exploring this place.
 F = Levels seen in this place.
 G = Mean time per level.
                   A        B        C        D        E       F      G
               +--------+--------+--------+--------+--------+-----+--------+
         Total |   2149 |   2080 |     69 |    139 |   1551 |   4 |  537.2 |
       Dungeon |   2149 |   2080 |     69 |    139 |   1551 |   4 |  537.2 |
               +--------+--------+--------+--------+--------+-----+--------+

Top non-repeatable levels by time:
     D:3: 855 daAuts
     D:2: 729 daAuts
     D:1: 373 daAuts
     D:4: 190 daAuts
